 Dungeon Crawl Stone Soup version 0.29.0-10-g45618ea6d2 (webtiles) character file.

Game seed: 14059825056133973662

3101 Flugkiller the Cleaver (level 9, -3/82 HPs)
             Began as a Minotaur Fighter on Sept 1, 2022.
             Slain by a vault guard
             ... wielding a +0 broad axe
              (5 damage)
             ... in a bailey.
             The game lasted 00:03:30 (7480 turns).

Flugkiller the Cleaver (Minotaur Fighter)           Turns: 7480, Time: 00:03:31

Health: -3/82      AC: 11    Str: 20    XL:     9   Next: 59%
Magic:  8/8        EV:  9    Int:  5    God:
Gold:   53         SH:  5    Dex: 15    Spells: 8/8 levels left

rFire   . . .      SeeInvis .   a - +0 war axe
rCold   . . .      Faith    .   c - +0 buckler
rNeg    . . .      Spirit   .   D - +2 scale mail {rPois}
rPois   +          Reflect  .   (helmet restricted)
rElec   .          Harm     .   (no cloak)
rCorr   .          Rampage  .   E - +0 pair of gloves
Will    .....                   (no boots)
Stlth   ..........              (no amulet)
HPRegen 0.23/turn               o - ring of poison resistance
MPRegen 0.11/turn               (no ring)

@: mighty, hasted, very quick
A: horns 2, retaliatory headbutt
a: no special abilities


You were in a bailey.
You visited 1 branch of the dungeon, and saw 7 of its levels.
You also visited: Bailey.

You collected 364 gold pieces.
You spent 311 gold pieces at shops.

Inventory:

Hand Weapons
 a - a +0 war axe (weapon)
Missiles
 v - 2 boomerangs (quivered)
Armour
 b - a +0 scale mail
 c - a +0 buckler (worn)
 D - a +2 scale mail of poison resistance (worn)
   (You took it off Edmund on level 6 of the Dungeon)
 E - a +0 pair of gloves (worn)
   (You found it on level 5 of the Dungeon)
Jewellery
 o - a ring of poison resistance (left hand)
   (You found it on level 6 of the Dungeon)
Wands
 B - a wand of iceblast (13)
   (You found it on level 6 of the Dungeon)
Scrolls
 f - a scroll of silence {unknown}
 j - a scroll of enchant armour {unknown}
 k - a scroll of vulnerability
 l - 2 scrolls of fog
 m - 3 scrolls of poison {unknown}
 n - a scroll of fear
 q - a scroll of noise {unknown}
 t - 5 scrolls of teleportation
 u - 2 scrolls of enchant weapon
 y - a scroll of brand weapon {unknown}
 z - a scroll of blinking
Potions
 e - a potion of brilliance {unknown}
 h - 2 potions of haste
 i - a potion of degeneration {unknown}
 s - a potion of attraction {unknown}
 C - a potion of mutation {unknown}


   Skills:
 + Level 8.8 Fighting
 * Level 11.6 Axes
 + Level 8.9 Armour
 - Level 3.6 Shields


You had 8 spell levels left.
You didn't know any spells.
Your spell library was empty.

Dungeon Overview and Level Annotations

Branches:
Dungeon (7/15)             Bailey (1/1)
 Temple: D:4-7

Altars:

Shops:
D:2 !   D:6 *?=

Annotations:
D:4 exclusion: door


Innate Abilities, Weirdness & Mutations

You have a pair of horns on your head.
You reflexively headbutt those who attack you in melee.


Message History

You kill the bullfrog!
The gnoll completely misses you. You furiously retaliate!
You headbutt the gnoll! You hit the gnoll.
You kill the gnoll!
The goblin hits you but does no damage.
Things that are here:
a +0 hand axe; a +0 leather armour You slash the goblin!
You kill the goblin!
You hit the goblin. The goblin hits you but does no damage.
You hit the goblin.
You kill the goblin!
No target in view!
You start resting.
HP restored.
There is an open door here.
Things that are here:
a +0 hand axe; a +0 leather armour You open the door.
A vault guard and Prince Ribbit come into view.
The vault guard shouts!
Prince Ribbit croaks.
Found three items.
Found a gate leading back out of this place.
There are monsters nearby!
There are monsters nearby!
Found a ring mail, a scroll of fog and a scroll labelled EMIHONI PYAD.
There is an open door here.
You feel yourself speed up.
Prince Ribbit catches a small bird with his tongue.
You feel very mighty all of a sudden.
Prince Ribbit croaks regally.
Prince Ribbit hits you!
You miss Prince Ribbit. Prince Ribbit barely misses you.
You closely miss Prince Ribbit. Your headbutt misses Prince Ribbit.
Prince Ribbit hits you!
You closely miss the vault guard. You headbutt the vault guard.
The vault guard is lightly wounded.
You slash Prince Ribbit!
Prince Ribbit hops awkwardly around.
Prince Ribbit hits you.
The vault guard hits you with a +0 broad axe!!
You are too injured to fight recklessly!
You closely miss Prince Ribbit.
Prince Ribbit is moderately wounded.
Prince Ribbit barely misses you.
You barely miss Prince Ribbit. Your headbutt misses Prince Ribbit.
Prince Ribbit is moderately wounded.
Prince Ribbit hits you.
You miss Prince Ribbit.
Prince Ribbit is moderately wounded.
You hit the vault guard. Your headbutt misses the vault guard.
The vault guard is lightly wounded.
You hit the vault guard but do no damage.
Your headbutt misses the vault guard.
The vault guard is lightly wounded.
The vault guard closely misses you.
You hit the vault guard.
The vault guard is lightly wounded.
You feel much better.
The vault guard hits you but does no damage.
You closely miss the vault guard. Your headbutt misses the vault guard.
The vault guard is lightly wounded.
Prince Ribbit blinks!
You closely miss the vault guard.
The vault guard is lightly wounded.
The vault guard hits you with a +0 broad axe!
You slash the vault guard!
The vault guard is moderately wounded.
The vault guard hits you with a +0 broad axe!
Prince Ribbit blinks!
You slash the vault guard! You headbutt the vault guard!
The vault guard is heavily wounded.
You closely miss Prince Ribbit. You block Prince Ribbit's attack.
You slash the vault guard!
The vault guard is severely wounded.
You closely miss Prince Ribbit.
The vault guard hits you with a +0 broad axe!
* * * LOW HITPOINT WARNING * * *
Prince Ribbit catches a moth with his tongue.
Prince Ribbit closely misses you. You furiously retaliate!
You headbutt Prince Ribbit! You completely miss the vault guard.
The vault guard is severely wounded.
You hit Prince Ribbit.
The vault guard hits you but does no damage.
Prince Ribbit croaks regally.
You block Prince Ribbit's attack.
You barely miss the vault guard. You headbutt the vault guard.
The vault guard is severely wounded.
You slash Prince Ribbit!
You kill Prince Ribbit!
You barely miss the vault guard. You headbutt the vault guard.
The vault guard is severely wounded.
The vault guard hits you with a +0 broad axe!
* * * LOW HITPOINT WARNING * * *
You closely miss the vault guard.
The vault guard is severely wounded.
The vault guard hits you with a +0 broad axe.
You die...

##?[?## #?$.?$#
#.....# #.....#
#..∩..#
###.....###
##≈##...##~##
##≈~~##p##~~~##
#≈~~..@....~~~#
##≈~~..........##
#≈~~~.~.~..~≈≈≈.#
#≈~~~.....~≈###+#
#≈~~~.~.~~≈##
#≈~~~....~≈#
#≈~~~.~.~≈##
##≈~~~~.~≈#
#≈~≈≈~.~≈#


You could see a vault guard.

Vanquished Creatures
  Maggie (D:6)
  Prince Ribbit (Bailey)
  Sigmund (D:2)
  A human (Bailey)
  2 steam dragons (D:6)
  Edmund (D:6)
  2 water moccasins
  An ice beast (D:6)
  A sky beast (D:6)
  An ogre (D:4)
  3 centaurs
  Blork the orc (D:4)
  A kobold brigand (D:4)
  5 bullfrogs (Bailey)
  A necrophage (D:6)
  A scorpion (D:6)
  A gnoll bouda (D:7)
  4 hounds
  2 jellies (D:6)
  An orc priest (D:4)
  An iguana (D:5)
  3 orc wizards
  A hound skeleton (D:3)
  A hound zombie (D:3)
  A howler monkey zombie (D:3)
  Robin (D:2)
  10 gnolls
  6 adders
  A shadow imp (D:6)
  2 white imps
  A dart slug (D:3)
  12 orcs
  2 ball pythons
  8 endoplasms
  5 giant cockroaches
  17 goblins
  9 hobgoblins
  3 jackals (D:4)
  2 quokkas
  8 bats
  6 frilled lizards
  6 kobolds
  An orc skeleton (D:4)
  7 rats
146 creatures vanquished.

Vanquished Creatures (others)
  A fungus (D:2)
  14 plants
  A withered plant (D:3)
16 creatures vanquished.

Grand Total: 162 creatures vanquished

Notes
Turn   | Place    | Note
-------+----------+-------------------------------------------
     0 | D:1      | Flugkiller the Minotaur Fighter began the quest for the
                  | Orb.
     0 | D:1      | Reached XP level 1. HP: 19/19 MP: 0/0
   100 | D:1      | Reached skill level 3 in Axes
   100 | D:1      | Reached XP level 2. HP: 26/27 MP: 1/1
   536 | D:1      | Reached XP level 3. HP: 33/33 MP: 2/2
   828 | D:2      | Noticed Sigmund
   839 | D:2      | Killed Sigmund
   840 | D:2      | Reached skill level 5 in Axes
   840 | D:2      | Reached XP level 4. HP: 29/41 MP: 3/3
   840 | D:2      | Reached XP level 5. HP: 34/47 MP: 4/4
   950 | D:2      | Found a faded altar of an unknown god.
   950 | D:2      | Noticed Robin
   962 | D:2      | Killed Robin
  1184 | D:2      | Found Ukloa's Distillery.
  1190 | D:2      | Bought a potion of heal wounds for 65 gold pieces
  1342 | D:2      | Reached skill level 5 in Fighting
  1342 | D:2      | Reached skill level 5 in Armour
  1878 | D:3      | Reached XP level 6. HP: 56/56 MP: 5/5
  2345 | D:3      | Reached skill level 6 in Axes
  2763 | D:4      | Reached XP level 7. HP: 38/62 MP: 6/6
  3025 | D:4      | You fall into a shaft and drop 1 floor!
  3025 | D:5      | Entered Level 5 of the Dungeon
  3061 | D:5      | Reached skill level 7 in Axes
  3405 | D:5      | Identified the +1 chain mail "Jajamil" {rC+ Str+4}
  4034 | D:4      | Noticed Blork the orc
  4046 | D:4      | Killed Blork the orc
  4047 | D:4      | Reached skill level 8 in Axes
  4365 | D:4      | Reached XP level 8. HP: 57/71 MP: 7/7
  4984 | D:6      | Found Vorgh's Magic Scroll Emporium.
  4987 | D:6      | Bought a scroll of blinking for 97 gold pieces
  4987 | D:6      | Bought a scroll of enchant weapon for 97 gold pieces
  4987 | D:6      | Bought a scroll of fog for 52 gold pieces
  5137 | D:6      | Found Vihot's General Store.
  5273 | D:6      | Reached skill level 9 in Axes
  5712 | D:6      | Noticed Edmund
  5730 | D:6      | Killed Edmund
  6148 | D:6      | Noticed Maggie
  6163 | D:6      | Killed Maggie
  6164 | D:6      | Reached skill level 10 in Axes
  6164 | D:6      | Reached XP level 9. HP: 39/81 MP: 8/8
  6530 | D:6      | Found Zaroxkumn's Jewellery Boutique.
  7004 | D:7      | Found a flagged portal.
  7015 | Bailey   | Entered a bailey
  7119 | Bailey   | Reached skill level 11 in Axes
  7457 | Bailey   | Noticed a vault guard
  7457 | Bailey   | Noticed Prince Ribbit
  7478 | Bailey   | Killed Prince Ribbit
  7479 | Bailey   | HP: 2/82 [vault guard/+0 broad axe (14)]
  7480 | Bailey   | Slain by a vault guard

Illustrated notes

Levels and vault maps discovered:
D:1:      dpeg_arrival_shrine, layout_loops_ring, serial_forest,
          infiniplex_forest_straight_2, infiniplex_forest_clump_medium,
          infiniplex_forest_lined_2, infiniplex_forest_clump_C,
          infiniplex_forest_straight_2, infiniplex_forest_clump_small
D:2:      layout_loops_corners, shapermc_ecumenical_altar_rom_forum,
          serial_shops, shop, uniq_robin, uniq_sigmund
D:3:      layout_loops_ring, serial_undead, serial_undead_f, serial_undead_a,
          serial_undead_b, serial_undead_c
D:4:      layout_loops_cross, nicolae_ossuary_entry_catacombs,
          kennysheep_cluttered_room, uniq_blork_the_orc
D:5:      layout_gridville, chequers_serial_rivers_large_b, corner_web_ring,
          uniq_menkaure
D:6:      layout_layer_cave, serial_shops, shop, nicolae_shop_waterfront,
          nicolae_stop_n_shop_1, uniq_maggie, uniq_edmund
D:7:      layout_rooms, minmay_temple_entry_overgrown, enter_bailey_3,
          minmay_fractal_squares_gapless_5
Bailey:   bailey_axe_froggy_fort_hellmonk, bailey

Skill      XL: |  1  2  3  4  5  6  7  8  9 |
---------------+----------------------------+-----
Axes           | 3 5 6 8 10 11 | 11.6
Fighting       | 4 5 6 7 8 |  8.8
Armour         | 4 5 6 7 8 |  8.9
Shields        | |  3.6

Action                   |  1- 3 |  4- 6 |  7- 9 || total
-------------------------+-------+-------+-------++-------
Melee: War axe           |    48 |    87 |   221 ||   356
       Headbutt          |    12 |    15 |    40 ||    67
  Use: Potion            |       |       |     6 ||     6
       Scroll            |       |       |     4 ||     4
 Stab: Held in net/web   |       |     1 |       ||     1
Armor: Scale mail        |    28 |    45 |   104 ||   177
Dodge: Dodged            |    17 |    41 |   100 ||   158
Block: Buckler           |     8 |    18 |    55 ||    81
